PCL
MEXICO CITY CERVECEROS @ MILE HIGH BRONCOS
05/07/2029
 
TOP OF THE 1ST
Mexico City Cerveceros batting - Pitching for Mile High Broncos : RHP Cliff Erwin
Pitching: RHP Cliff Erwin
Batting: RHB Robinson Pacheco 0-0: Ball
1-0: Foul Ball, location: 2F
1-1: Ball
2-1: Ball
3-1: Foul Ball, location: 2F
3-2: Foul Ball, location: 2F
3-2: Fly out, F7 (Flyball, 7S)
Batting: LHB John Bond 0-0: Called Strike
0-1: SINGLE (Groundball, 2R) (infield hit)
Batting: RHB Lee Price 0-0: Ball
1-0: Called Strike
1-1: Foul Ball, location: 2F
1-2: Ball
2-2: SINGLE (Groundball, 56D)
John Bond to second
Batting: LHB John Nicholson 0-0: 3-RUN HOME RUN (Flyball, 9LD), Distance : 369 ft
Batting: LHB Gary Kern 0-0: Called Strike
0-1: Ball
1-1: Ball
2-1: Ground out 6-3 (Groundball, 6)
Batting: RHB John Dinkins 0-0: Ball
1-0: Ball
2-0: Called Strike
2-1: Foul Ball, location: 2F
2-2: Strikes out swinging
Top of the 1st over - 3 runs, 3 hits, 0 errors, 0 left on base; Mexico City 3 - Mile High 0
BOTTOM OF THE 1ST
Mile High Broncos batting - Pitching for Mexico City Cerveceros : LHP Dan O'Brien
Pitching: LHP Dan O'Brien
Batting: LHB Tony Báez 0-0: Called Strike
0-1: Ball
1-1: Called Strike
1-2: Ball
2-2: SINGLE (Line Drive, 89S)
Batting: LHB Jim Knight 0-0: Fly out, F7 (Flyball, 7S)
Batting: RHB Rodney González 0-0: Ball
1-0: Swinging Strike
1-1: SINGLE (Groundball, 34D)
Tony Báez to second
Runner from 2nd tries for 3rd, SAFE, throw made to third
Batting: RHB António Martínez 0-0: Foul Ball, location: 2F
0-1: Grounds into double play, 5-4-3 (Groundball, 56)
Bottom of the 1st over - 0 runs, 2 hits, 0 errors, 1 left on base; Mexico City 3 - Mile High 0
TOP OF THE 2ND
Mexico City Cerveceros batting - Pitching for Mile High Broncos : RHP Cliff Erwin
Batting: RHB Júlio López 0-0: Called Strike
0-1: Foul Ball, location: 2F
0-2: Foul Ball, location: 2F
0-2: Ball
1-2: Ball
2-2: SINGLE (Groundball, 34S) (infield hit)
Batting: LHB Javier Martínez 0-0: Ball
1-0: Called Strike
1-1: Foul Ball, location: 2F
1-2: Ball
2-2: Foul Ball, location: 2F
2-2: Ball
3-2: Base on Balls
Júlio López to second
Batting: RHB Collin Smith 0-0: Swinging Strike
0-1: Foul Ball, location: 2F
0-2: Ball
1-2: Ball
2-2: Strikes out swinging
Batting: RHB Robinson Pacheco 0-0: Foul Ball, location: 2F
0-1: Grounds into double play, 1-6-3 (Groundball, 13S)
Top of the 2nd over - 0 runs, 1 hit, 0 errors, 1 left on base; Mexico City 3 - Mile High 0
BOTTOM OF THE 2ND
Mile High Broncos batting - Pitching for Mexico City Cerveceros : LHP Dan O'Brien
Batting: SHB Michael Field 0-0: Ground out 6-3 (Groundball, 6S)
Batting: RHB Su-kweon Yu 0-0: Called Strike
0-1: Foul Ball, location: 2F
0-2: Foul Ball, location: 2F
0-2: Ball
1-2: Foul Ball, location: 2F
1-2: Foul Ball, location: 2F
1-2: Ball
2-2: SINGLE (Groundball, 34D)
Batting: RHB Luis Ramos 0-0: Ball
1-0: Ball
2-0: Called Strike
2-1: Foul Ball, location: 2F
2-2: Foul Ball, location: 2F
2-2: Foul Ball, location: 2F
2-2: Ball
3-2: Base on Balls
Su-kweon Yu to second
Batting: LHB Jesús González 0-0: Fly out, F8 (Flyball, 8LD)
Batting: SHB Paco Martínez 0-0: Called Strike
0-1: Ball
1-1: Ball
2-1: Swinging Strike
2-2: SINGLE (Line Drive, 9LS)
Su-kweon Yu to third
Luis Ramos to second
Throwing error, E9
Su-kweon Yu scores
Luis Ramos to third
Paco Martínez to second
Batting: LHB Tony Báez 0-0: Called Strike
0-1: Swinging Strike
0-2: Ball
1-2: Strikes out looking
Bottom of the 2nd over - 1 run, 2 hits, 1 error, 2 left on base; Mexico City 3 - Mile High 1
TOP OF THE 3RD
Mexico City Cerveceros batting - Pitching for Mile High Broncos : RHP Cliff Erwin
Batting: LHB John Bond 0-0: Foul Ball, location: 2F
0-1: Foul Ball, location: 2F
0-2: Strikes out swinging
Batting: RHB Lee Price 0-0: Called Strike
0-1: Foul Ball, location: 2F
0-2: Ball
1-2: Ball
2-2: Strikes out swinging, 2-3 out at first.
Batting: LHB John Nicholson 0-0: Ball
1-0: Ball
2-0: Ball
3-0: Base on Balls
Batting: LHB Gary Kern 0-0: Ball
1-0: Ball
2-0: SINGLE (Groundball, 4MD)
John Nicholson to second
Runner from 2nd tries for 3rd, SAFE, no throw
Batting: RHB John Dinkins 0-0: Foul Ball, location: 2F
0-1: Ball
1-1: DOUBLE (Flyball, 8LXD)
John Nicholson scores
Gary Kern to third
Batting: RHB Júlio López 0-0: Swinging Strike
0-1: Ball
1-1: Fly out, F3 (Line Drive, 3)
Top of the 3rd over - 1 run, 2 hits, 0 errors, 2 left on base; Mexico City 4 - Mile High 1
BOTTOM OF THE 3RD
Mile High Broncos batting - Pitching for Mexico City Cerveceros : LHP Dan O'Brien
Batting: LHB Jim Knight 0-0: Foul Ball, location: 2F
0-1: Ball
1-1: Foul Ball, location: 2F
1-2: Strikes out swinging
Batting: RHB Rodney González 0-0: Foul Ball, location: 2F
0-1: Foul Ball, location: 2F
0-2: Ball
1-2: Foul Ball, location: 2F
1-2: Fly out, F6 (Popup, 6D)
Batting: RHB António Martínez 0-0: Ball
1-0: Ball
2-0: Called Strike
2-1: Ball
3-1: Called Strike
3-2: Fly out, F9 (Flyball, 9S)
Bottom of the 3rd over - 0 runs, 0 hits, 0 errors, 0 left on base; Mexico City 4 - Mile High 1
TOP OF THE 4TH
Mexico City Cerveceros batting - Pitching for Mile High Broncos : RHP Cliff Erwin
Batting: LHB Javier Martínez 0-0: Foul Ball, location: 2F
0-1: Foul Ball, location: 2F
0-2: Ball
1-2: Foul Ball, location: 2F
1-2: Foul Ball, location: 2F
1-2: Foul Ball, location: 2F
1-2: Ball
2-2: Ball
3-2: Foul Ball, location: 2F
3-2: Strikes out swinging
Batting: RHB Collin Smith 0-0: Ball
1-0: Called Strike
1-1: Swinging Strike
1-2: Fly out, F8 (Flyball, 8LD)
Batting: RHB Robinson Pacheco 0-0: Ball
1-0: SINGLE (Groundball, 6S) (infield hit)
Batting: LHB John Bond 0-0: Foul Ball, location: 2F
0-1: Fly out, F7 (Flyball, 7)
Top of the 4th over - 0 runs, 1 hit, 0 errors, 1 left on base; Mexico City 4 - Mile High 1
BOTTOM OF THE 4TH
Mile High Broncos batting - Pitching for Mexico City Cerveceros : RHP Jonathan Long
Pitching: RHP Jonathan Long
Batting: SHB Michael Field 0-0: Called Strike
0-1: SINGLE (Flyball, 7LM)
Batting: RHB Su-kweon Yu 0-0: Foul Ball, location: 2F
0-1: Foul Ball, location: 2F
0-2: Strikes out swinging
Batting: RHB Luis Ramos 0-0: Called Strike
0-1: Foul Ball, location: 2F
0-2: Ball
1-2: Strikes out swinging
Batting: LHB Jesús González 0-0: Ball
1-0: Ball
2-0: Ball
3-0: Base on Balls
Michael Field to second
Batting: SHB Paco Martínez 0-0: Ball
1-0: SINGLE (Line Drive, 6MD)
Michael Field to third
Jesús González to second
Batting: LHB Tony Báez 0-0: Called Strike
0-1: Swinging Strike
0-2: Strikes out swinging
Bottom of the 4th over - 0 runs, 2 hits, 0 errors, 3 left on base; Mexico City 4 - Mile High 1
TOP OF THE 5TH
Mexico City Cerveceros batting - Pitching for Mile High Broncos : RHP Cliff Erwin
Batting: RHB Lee Price 0-0: Called Strike
0-1: Ball
1-1: Swinging Strike
1-2: Strikes out looking
Batting: LHB John Nicholson 0-0: Fly out, F7 (Flyball, 78S)
Batting: LHB Gary Kern 0-0: SINGLE (Groundball, 4MD)
Batting: RHB John Dinkins 0-0: Ball
1-0: Swinging Strike
1-1: Swinging Strike
1-2: Ball
2-2: Strikes out swinging
Top of the 5th over - 0 runs, 1 hit, 0 errors, 1 left on base; Mexico City 4 - Mile High 1
BOTTOM OF THE 5TH
Mile High Broncos batting - Pitching for Mexico City Cerveceros : RHP Jonathan Long
Batting: LHB Jim Knight 0-0: Ground out 6-3 (Groundball, 6)
Batting: RHB Rodney González 0-0: Ball
1-0: Fly out, F8 (Flyball, 8RD)
Batting: RHB António Martínez 0-0: Ball
1-0: Ground out U3 (Groundball, 34S)
Bottom of the 5th over - 0 runs, 0 hits, 0 errors, 0 left on base; Mexico City 4 - Mile High 1
TOP OF THE 6TH
Mexico City Cerveceros batting - Pitching for Mile High Broncos : RHP Cliff Erwin
Pitching: RHP José García
Batting: RHB Júlio López 0-0: Foul Ball, location: 2F
0-1: Ball
1-1: Swinging Strike
1-2: Ball
2-2: Ball
3-2: Base on Balls
Batting: LHB Javier Martínez 0-0: Ball
1-0: Ball
2-0: Foul Ball, location: 2F
2-1: SINGLE (Groundball, 4MD)
Júlio López to second
Batting: RHB Collin Smith 0-0: Ball
1-0: Fly out, F3 (Popup, 23)
Batting: RHB Robinson Pacheco 0-0: Foul Ball, location: 2F
0-1: Ball
1-1: Swinging Strike
1-2: Ball
2-2: Ball
Wild Pitch!
Júlio López to third
Javier Martínez to second
3-2: Base on Balls
Batting: LHB John Bond 0-0: Ball
Wild Pitch!
Júlio López scores
Javier Martínez to third
Robinson Pacheco to second
1-0: Intentional Walk
Batting: RHB Lee Price 0-0: Ball
1-0: Called Strike
1-1: Foul Ball, location: 2F
1-2: Strikes out looking
Batting: LHB John Nicholson 0-0: Called Strike
0-1: Ball
1-1: Called Strike
1-2: Ball
2-2: Strikes out swinging
Top of the 6th over - 1 run, 1 hit, 0 errors, 3 left on base; Mexico City 5 - Mile High 1
BOTTOM OF THE 6TH
Mile High Broncos batting - Pitching for Mexico City Cerveceros : RHP Jonathan Long
Batting: SHB Michael Field 0-0: Ball
1-0: Ground out 6-3 (Groundball, P)
Batting: RHB Su-kweon Yu 0-0: Foul Ball, location: 2F
0-1: Ball
1-1: Foul Ball, location: 2F
1-2: Ground out 6-3 (Groundball, 6)
Batting: RHB Luis Ramos 0-0: Called Strike
0-1: Swinging Strike
0-2: Ball
1-2: Strikes out swinging, 2-3 out at first.
Bottom of the 6th over - 0 runs, 0 hits, 0 errors, 0 left on base; Mexico City 5 - Mile High 1
TOP OF THE 7TH
Mexico City Cerveceros batting - Pitching for Mile High Broncos : RHP José García
Batting: LHB Gary Kern 0-0: Called Strike
0-1: Ball
1-1: Foul Ball, location: 2F
1-2: Ground out U3 (Groundball, 3)
Batting: RHB John Dinkins 0-0: Ball
1-0: Called Strike
1-1: Ball
2-1: Ball
3-1: Foul Ball, location: 2F
3-2: SINGLE (Groundball, 56) (infield hit)
Batting: RHB Júlio López 0-0: Ball
1-0: Foul Ball, location: 2F
1-1: Foul Ball, location: 2F
1-2: Foul Ball, location: 2F
1-2: Foul Ball, location: 2F
1-2: Ball
2-2: Strikes out swinging
Batting: LHB Javier Martínez 0-0: Called Strike
0-1: Ball
1-1: Foul Ball, location: 2F
1-2: Ball
2-2: Strikes out looking
Top of the 7th over - 0 runs, 1 hit, 0 errors, 1 left on base; Mexico City 5 - Mile High 1
BOTTOM OF THE 7TH
Mile High Broncos batting - Pitching for Mexico City Cerveceros : RHP Jonathan Long
Pitching: LHP Doug Starks
Batting: LHB Jesús González 0-0: Swinging Strike
0-1: Ball
1-1: SINGLE (Line Drive, 34D)
Batting: SHB Paco Martínez 0-0: Called Strike
0-1: Called Strike
Jesús González steals 2nd base
0-2: Ground out 3-1 (Groundball, 34S)
Jesús González to third
Batting: LHB Tony Báez 0-0: Ball
1-0: Called Strike
1-1: Foul Ball, location: 2F
1-2: Fly out, F8 (Flyball, 8RD)
Runner from 3rd tags up, OUT at HOME
Bottom of the 7th over - 0 runs, 1 hit, 0 errors, 0 left on base; Mexico City 5 - Mile High 1
TOP OF THE 8TH
Mexico City Cerveceros batting - Pitching for Mile High Broncos : RHP José García
Batting: RHB Collin Smith 0-0: Foul Ball, location: 2F
0-1: Ball
1-1: SINGLE (Line Drive, 7LS)
Batting: RHB Robinson Pacheco 0-0: Called Strike
0-1: Ball
1-1: Called Strike
1-2: Ball
2-2: Foul Ball, location: 2F
2-2: SINGLE (Line Drive, 78M)
Collin Smith to second
Batting: LHB John Bond 0-0: Called Strike
0-1: Ball
1-1: Ball
2-1: Foul Ball, location: 2F
2-2: Foul Ball, location: 2F
2-2: Ball
3-2: Grounds into double play, 4-6-3 (Groundball, 4)
Collin Smith to third
Pitching: LHP Domingo Morales
Batting: RHB Lee Price 0-0: Called Strike
0-1: Called Strike
0-2: Ball
1-2: Ball
2-2: SINGLE (Line Drive, 7S)
Collin Smith scores
Batting: LHB John Nicholson 0-0: Called Strike
0-1: Ball
1-1: Called Strike
1-2: Ball
2-2: Ball
3-2: Ground out 4-3 (Groundball, 4)
Top of the 8th over - 1 run, 3 hits, 0 errors, 1 left on base; Mexico City 6 - Mile High 1
BOTTOM OF THE 8TH
Mile High Broncos batting - Pitching for Mexico City Cerveceros : LHP Doug Starks
Now at 1B: Orlando Núńes
Now at 3B: Claudio Souza
Batting: LHB Jim Knight 0-0: Called Strike
0-1: Foul Ball, location: 2F
0-2: Foul Ball, location: 2F
0-2: Ball
1-2: Ball
2-2: SINGLE (Flyball, 9LS)
Batting: RHB Rodney González 0-0: Called Strike
0-1: Foul Ball, location: 2F
0-2: Strikes out looking
Batting: RHB António Martínez Balk!
Jim Knight to second
0-0: Called Strike
0-1: Ball
1-1: Called Strike
1-2: Ball
2-2: Foul Ball, location: 2F
2-2: Fly out, F8 (Flyball, 8LM)
Batting: SHB Michael Field 0-0: Called Strike
0-1: Ball
1-1: Foul Ball, location: 2F
1-2: TRIPLE (Line Drive, 7LD)
Jim Knight scores
Batting: RHB Su-kweon Yu 0-0: Ball
1-0: Called Strike
1-1: Foul Ball, location: 2F
1-2: Fly out, F6 (Flyball, 4MD)
Bottom of the 8th over - 1 run, 2 hits, 0 errors, 1 left on base; Mexico City 6 - Mile High 2
TOP OF THE 9TH
Mexico City Cerveceros batting - Pitching for Mile High Broncos : LHP Domingo Morales
Batting: LHB Gary Kern 0-0: Called Strike
0-1: Ball
1-1: Ball
2-1: Ground out 5-3 (Groundball, 56S)
Batting: RHB John Dinkins 0-0: Ball
1-0: Ball
2-0: Ball
3-0: Base on Balls
Batting: RHB Júlio López 0-0: Foul Ball, location: 2F
0-1: Ball
1-1: DOUBLE (Line Drive, 78M)
John Dinkins to third
Runner from 3rd tries for Home, SAFE, no throw
Pitching: LHP Jorge García
Pinch Runner at 2nd Juan Brieno:
Batting: LHB Javier Martínez 0-0: Ball
1-0: Fly out, F8 (Line Drive, 78D)
Pitching: RHP Eric Wilson
Batting: RHB Collin Smith 0-0: Swinging Strike
0-1: Foul Ball, location: 2F
0-2: SINGLE (Flyball, 89S)
Juan Brieno to third
Runner from 3rd tries for Home, SAFE, throw made home
Batting: RHB Claudio Souza 0-0: Called Strike
0-1: Called Strike
0-2: Ball
1-2: Foul Ball, location: 2F
1-2: DOUBLE (Flyball, 89D)
Collin Smith to third
Runner from 3rd tries for Home, SAFE, no throw
Batting: RHB Orlando Núńes 0-0: Ball
1-0: Fly out, F7 (Flyball, 7LS)
Top of the 9th over - 3 runs, 3 hits, 0 errors, 1 left on base; Mexico City 9 - Mile High 2
BOTTOM OF THE 9TH
Mile High Broncos batting - Pitching for Mexico City Cerveceros : LHP Doug Starks
Now at 2B: Soetsu Kaneko
Batting: RHB Luis Ramos 0-0: Foul Ball, location: 2F
0-1: Swinging Strike
0-2: SINGLE (Groundball, 34D)
Batting: LHB Jesús González 0-0: SINGLE (Line Drive, 7S)
Luis Ramos to second
Batting: SHB Paco Martínez 0-0: Ball
1-0: Called Strike
1-1: Ball
2-1: Grounds into double play, 5-4-3 (Groundball, 56)
Luis Ramos to third
Batting: LHB Tony Báez 0-0: Ball
1-0: Ball
2-0: Ball
3-0: Base on Balls
Batting: LHB Jim Knight 0-0: Ball
1-0: Ball
2-0: Called Strike
2-1: Fly out, F8 (Flyball, 8LM)
Bottom of the 9th over - 0 runs, 2 hits, 0 errors, 2 left on base; Mexico City 9 - Mile High 2
Saturday, December 16th, 2017 - OOTP Baseball 18.8 Build 76